 Dungeon Crawl Stone Soup version 0.30-a0-953-g5f1da4a474 (webtiles) character file.

Game seed: 5907669085969033944

789 cforsyth the Trooper (level 8, -18/67 HPs)
             Began as a Formicid Fighter on Mar 28, 2023.
             Was a Believer of Ru.
             Shot with a bolt by an orc warrior (24 damage)
             ... on level 5 of the Dungeon.
             The game lasted 00:07:22 (5865 turns).

cforsyth the Trooper (Formicid Fighter)             Turns: 5865, Time: 00:07:23

Health: -18/67     AC:  8    Str: 29    XL:     8   Next: 12%
Magic:  8/8        EV:  9    Int:  5    God:    Ru [**....]
Gold:   245        SH:  5    Dex: 15    Spells: 7/7 levels left

rFire   . . .      SeeInvis +    o - +1 flail (heavy)
rCold   . . .      Faith    .    c - +0 buckler
rNeg    + . .      Spirit   .    b - +0 scale mail
rPois   .          Reflect  .    (helmet unavailable)
rElec   .          Rampage  .    n - +0 cloak of the Hanged Man {rN+ Int-3 Dex+2}
rCorr   +                        (no gloves)
Will    .....                    (no boots) Stlth
                                 (no amulet)
HPRegen 0.31/turn                l - +6 ring of strength
MPRegen 0.11/turn                q - ring of resist corrosion

@: no status effects
A: permanent stasis, dig shafts and tunnels, antennae 3, inability to use
devices, four strong arms
a: Dig, Shaft Self, Renounce Religion


You were on level 5 of the Dungeon.
You worshipped Ru.
Ru was pleased with you.
You visited 2 branches of the dungeon, and saw 7 of its levels.

You collected 245 gold pieces.

Inventory:

Hand Weapons
 a - a +1 flail
 o - a +1 heavy flail (weapon)
Armour
 b - a +0 scale mail (worn)
 c - a +0 buckler (worn)
 n - the +0 cloak of the Hanged Man (worn) {rN+ Int-3 Dex+2}
   (You found it on level 3 of the Dungeon)

   Int:       It affects your intelligence (-3).
   Dex:       It affects your dexterity (+2).
   rN:        It protects you from negative energy.
Jewellery
 l - a +6 ring of strength (left hand)
 q - a ring of resist corrosion (right hand)
Wands
 f - a wand of iceblast (6)
 h - a wand of mindburst (8)
 r - a wand of charming (10)
Scrolls
 g - a scroll of silence {unknown}
 i - a scroll of enchant armour {unknown}
 j - 2 scrolls of enchant weapon
 s - a scroll of immolation
Potions
 d - a potion of might
 e - 5 potions of curing
 k - 4 potions of flight
 m - a potion of heal wounds
 p - a potion of lignification
 u - a potion of attraction
 v - a potion of magic {unknown}
 w - a potion of resistance {unknown}


   Skills:
 + Level 7.3 Fighting
 + Level 6.3 Maces & Flails
 - Level 3.2 Armour
 - Level 4.0 Shields


You had 7 spell levels left.
You didn't know any spells.
Your spell library contained the following spells:

 Spells                   Type           Power      Damage    Failure   Level
 Slow                     Hex            0%         N/A       80%         1
 Cigotuvi's Dreadful Rot  Necr/Pois/Air  0%         N/A       91%         2
 Poisonous Vapours        Pois/Air       0%         N/A       91%         2
 Confusing Touch          Hex            0%         N/A       99%         3
 Mephitic Cloud           Conj/Pois/Air  0%         N/A       99%         3
 Vampiric Draining        Necr           0%         2d6       99%         3
 Blade Hands              Tmut           0%         N/A       100%        5
 Irradiate                Conj/Tmut      0%         3d11      100%        5
 Dragon Form              Tmut           0%         N/A       100%        7


Dungeon Overview and Level Annotations

Branches:
Dungeon (6/15)             Temple (1/1) D:4

Altars:
Ashenzari
Cheibriados
Elyvilon
Fedhas
Gozag
Hepliaklqana
Kikubaaqudgha
Makhleb
Nemelex Xobeh
Qazlal
Ru
Sif Muna
Trog
Uskayaw
Vehumet
Wu Jian
Xom
Yredelemnul
Zin
The Shining One
Lugonu

Portals:
Abyss: D:5


Innate Abilities, Weirdness & Mutations

You cannot be hasted, slowed, berserked, paralysed or teleported.
You can dig through walls and to a lower floor.
You have a pair of large antennae on your head. (SInv)
You cannot study or use magical devices.
Your four strong arms can wield two-handed weapons with a shield.


Message History

You see here a scroll of blinking.
The orc warrior barely misses you. The orc priest hits you with a +0 club.
You climb upwards.
There is a stone staircase leading down here.
You completely miss the orc warrior.
The orc warrior is stunned by your conviction and fails to attack.
The orc priest barely misses you.
You closely miss the orc warrior. You block the orc warrior's attack.
The orc priest hits you but does no damage.
The orc warrior barely misses you.
The orc priest hits you but does no damage.
You barely miss the orc priest.
The orc warrior hits you with a +0 glaive!
The orc priest hits you with a +0 club.
The orc warrior hits you with a +0 glaive!
The orc priest begins to pray, but is stunned by your conviction!
You bludgeon the orc priest!!
You kill the orc priest!
The orc warrior barely misses you. The orc warrior closely misses you.
You closely miss the orc warrior.
The orc warrior hits you with a +0 glaive!!
You barely miss the orc warrior.
The orc warrior hits you with a +0 glaive!
* * * LOW HITPOINT WARNING * * *
You block the orc warrior's attack.
You hit the orc warrior but do no damage.
The orc warrior hits you with a +0 glaive.
* * * LOW HITPOINT WARNING * * *
You closely miss the orc warrior.
The orc warrior hits you with a +0 glaive!
* * * LOW HITPOINT WARNING * * *
The orc warrior closely misses you.
The orc warrior unwields a +0 glaive.
The orc warrior wields a +0 arbalest.
The orc warrior shoots a bolt.
The bolt misses you.
You see here a +0 club.
The orc warrior shoots a bolt.
The bolt hits you.
* * * LOW HITPOINT WARNING * * *
You focus your inner power and illuminate the orc warrior in retribution!
The orc warrior shoots a bolt.
The bolt hits you!!
You die...

##.## ##.#.#######.# #.##.#
#.# ##..........####.##.#
#.# #.............#.....
#.# ####.......##.##)####..
#.###......###....).)..^..)
#.##.###.<.######.##)....).
#.#.## ##.........########.
#...# #..######## #) ###.##
##.@###############)
##.###...................
##........#############.
####.#.### #######.
####.#o####### #.......
#......)>o...# #.#####.
#.##.#.#####.# #.# #.
#.##.#.# #.# #.# #.
#.##.#.# #.# #.# #.


You could see an orc warrior.

Vanquished Creatures
  A phantom (D:5)
  2 scorpions (D:5)
  3 jellies
  4 orc priests
  2 hounds
  3 iguanas
  Ijyb (D:5)
  7 adders
  A shadow imp (D:5)
  2 white imps (D:5)
  3 dart slugs
  26 orcs
  10 ball pythons
  5 endoplasms
  14 giant cockroaches
  7 goblins
  10 hobgoblins
  4 jackals (D:1)
  10 kobolds
  A quokka (D:3)
  5 bats
  6 frilled lizards
  7 rats
  A lurking horror (D:5)
135 creatures vanquished.

Vanquished Creatures (others)
  2 lurking horrors (D:5)
2 creatures vanquished.

Grand Total: 137 creatures vanquished

Notes
Turn   | Place    | Note
-------+----------+-------------------------------------------
     0 | D:1      | cforsyth the Formicid Fighter began the quest for the Orb.
     0 | D:1      | Reached XP level 1. HP: 18/18 MP: 1/1
   113 | D:1      | Reached XP level 2. HP: 19/24 MP: 2/2
   352 | D:1      | Reached XP level 3. HP: 15/30 MP: 3/3
   595 | D:1      | Reached skill level 4 in Fighting
  1162 | D:2      | Reached XP level 4. HP: 37/37 MP: 4/4
  1809 | D:3      | Reached XP level 5. HP: 43/43 MP: 5/5
  1819 | D:3      | Identified the +0 cloak of the Hanged Man {rN+ Int-3 Dex+2}
  2249 | D:3      | Reached skill level 5 in Fighting
  2275 | D:3      | Found a white marble altar of Elyvilon.
  2704 | D:4      | Reached XP level 6. HP: 25/51 MP: 6/6
  2811 | D:4      | Found a staircase to the Ecumenical Temple.
  2833 | Temple   | Entered the Ecumenical Temple
  2901 | Temple   | Became a worshipper of Ru the Awakened
  3696 | D:4      | Found a shimmering altar of Xom.
  3724 | D:4      | Found a blossoming altar of Fedhas.
  3858 | D:4      | Reached skill level 6 in Fighting
  3893 | D:4      | Reached skill level 5 in Maces & Flails
  3893 | D:4      | Reached XP level 7. HP: 47/58 MP: 7/7
  4131 | D:5      | Entered Level 5 of the Dungeon
  4508 | D:5      | Noticed Ijyb
  4523 | D:5      | Killed Ijyb
  4875 | D:5      | Gained mutation: You cannot study or use magical devices.
                  | [Ru sacrifice]
  4875 | D:5      | Reached * piety under Ru
  4875 | D:5      | Reached ** piety under Ru
  4878 | D:5      | Reached skill level 7 in Fighting
  5099 | D:5      | Found a corrupted altar of Lugonu.
  5099 | D:5      | Found a one-way gate to the infinite horrors of the Abyss.
  5274 | D:5      | Found a broken altar of Ashenzari.
  5577 | D:5      | Reached XP level 8. HP: 67/67 MP: 8/8
  5865 | D:5      | Shot with a bolt by an orc warrior

Illustrated notes

Levels and vault maps discovered:
D:1:      erik_arrival_cave_to_civilisation [erik_arrival_cave_to_hall],
          layout_basic
D:2:      minmay_roachtagon, layout_loops_ring
D:3:      layout_basic, elyvilon_altar_5
D:4:      layout_loops_corners, mainiacjoe_overflow_two_lobes,
          minmay_temple_entry_waves, minmay_misc_feat_nine_boxes,
          kennysheep_cluttered_room
D:5:      layout_loops_ring, kennysheep_mini, supply_closet_lemuel,
          amcnicky_altar_lugonu_corruption, uniq_ijyb
D:6:      layout_loops_ring, nicolae_dithmenos_shadow_blocks,
          minmay_tree_intersection, uniq_eustachio, uniq_blork_the_orc
Temple:   nicolae_temple_bog_church

Skill      XL: |  1  2  3  4  5  6  7 |
---------------+----------------------+-----
Fighting       | 4 5 6 7 |  7.3
Maces & Flails | 3 4 5 6 |  6.3
Armour         | |  3.2
Shields        | |  4.0

Action                     |  1- 3 |  4- 6 |  7- 9 || total
---------------------------+-------+-------+-------++-------
  Melee: Flail             |    86 |   203 |   100 ||   389
 Invoke: Sacrifice Artific |       |       |     1 ||     1
    Use: Scroll            |       |       |    10 ||    10
   Stab: Distracted        |       |       |     1 ||     1
         Invisible         |       |       |     1 ||     1
 Armour: Scale mail        |    61 |    77 |    50 ||   188
  Dodge: Dodged            |    40 |   105 |    39 ||   184
  Block: Buckler           |    22 |    47 |    24 ||    93

Table legend: (Time is in decaauts)
 A = Elapsed time spent in this place.
 B = Non-inter-level travel time spent in this place.
 C = Inter-level travel time spent in this place.
 D = Time resting spent in this place.
 E = Time spent auto-exploring this place.
 F = Levels seen in this place.
 G = Mean time per level.
                   A        B        C        D        E       F      G
               +--------+--------+--------+--------+--------+-----+--------+
         Total |   5976 |   5781 |    195 |    464 |   4289 |   7 |  853.7 |
       Dungeon |   5894 |   5710 |    184 |    464 |   4235 |   6 |  982.3 |
        Temple |     81 |     70 |     11 |      0 |     54 |   1 |   81.0 |
               +--------+--------+--------+--------+--------+-----+--------+

Top non-repeatable levels by time:
     D:5: 1739 daAuts
     D:4: 1409 daAuts
     D:1: 1127 daAuts
     D:3: 881 daAuts
     D:2: 705 daAuts
  Temple: 81 daAuts
     D:6: 31 daAuts
